Panthers vs Penguins
(R1)
Created - October 23, 2024 at 21:47
Goals
|
Panthers |
0 |
1 |
3 |
4 |
Penguins |
1 |
0 |
1 |
2 |
|
Shots
|
Panthers |
6 |
8 |
14 |
28 |
Penguins |
9 |
10 |
9 |
28 |
|
1st period
1. Penguins , Aaron Ekblad 1 (Tom Wilson 1, Roope Hintz 1) at 8:00 (PP)
Penalties :
Dominik Kahun (Flo) for Interference (Minor) at 6:57, Iven Barbashev (Pit) for Cross-checking (Minor) at 13:08
2nd period
2. Panthers , Alex Pietrangelo 1 (Drake Batherson 1) at 13:51 (PP)
Penalties :
John Marino (Pit) for Holding (Minor) at 12:13, Nikolay Goldobin (Flo) for Tripping (Minor) at 16:29
3rd period
3. Panthers , Mikkel Boedker 2 (Nikita Kucherov 1, Matt Duchene 2) at 0:28 (PP)
4. Panthers , Nikolay Goldobin 1 (Dominik Kahun 1, Griffin Reinhart 2) at 3:26
5. Penguins , Tom Wilson 2 (Gavin Bayreuther 3) at 4:00
6. Panthers , Niklas Hansson 1 (Mikkel Boedker 1, Matt Duchene 3) at 7:41
Penalties :
Nick Leddy (Pit) for Delaying the game (Minor) at 0:21, Griffin Reinhart (Flo) for Roughing (Minor) at 12:10, Gavin Bayreuther (Pit) for Interference (Minor) at 18:10
Goalie Stats
Ville Husso (Flo), 26 saves from 28 shots - (0.929), W, 1-1-0, 60:00 minutes
James Reimer (Pit), 24 saves from 28 shots - (0.857), L, 0-2-0, 60:00 minutes
Players Stats for Panthers
Player Name G A P +/- PIM S H SB GA TA FO MP PP MP PK MP
------------------------------------------------------------------------------------
Aleksander Barkov 0 0 0 0 0 0 1 0 0 0 1/6 17:14 1:59 1:57
Alex Pietrangelo 1 0 1 0 0 3 3 2 1 0 0/0 26:18 3:20 2:17
Danny DeKeiser 0 0 0 0 0 2 3 1 0 3 0/0 25:53 3:20 1:47
Dmitrij Jaskin 0 0 0 1 0 0 1 1 0 0 0/0 8:31 0:00 0:00
Dominik Kahun 0 1 1 1 2 1 1 0 1 0 1/1 9:35 0:00 1:05
Drake Batherson 0 1 1 0 0 1 2 0 0 0 0/0 15:17 1:59 0:00
Griffin Reinhart 0 1 1 1 2 3 1 0 1 0 0/0 18:42 2:13 0:00
Jimmy Vesey 0 0 0 0 0 3 0 1 0 0 0/0 12:46 0:00 1:20
Kirill Kaprizov 0 0 0 0 0 0 3 1 0 0 0/0 15:17 1:59 0:00
Kris Versteeg 0 0 0 0 0 2 1 1 0 1 0/0 13:59 0:00 2:33
Matt Duchene 0 2 2 0 0 3 0 1 1 0 13/19 19:46 3:34 0:29
Mikkel Boedker 1 1 2 0 0 2 1 0 1 1 1/1 20:44 3:34 0:59
Miro Aaltonen 0 0 0 0 0 0 1 0 0 0 3/5 13:33 0:00 1:39
Nikita Kucherov 0 1 1 0 0 4 1 2 1 2 1/3 19:17 3:34 0:00
Nikita Tryamkin 0 0 0 0 0 0 1 0 0 0 0/0 12:15 0:00 0:00
Niklas Hansson 1 0 1 1 0 1 1 1 0 0 0/0 21:52 2:13 3:14
Nikolay Goldobin 1 0 1 1 2 3 0 0 0 0 0/0 8:58 0:00 0:00
Radim Simek 0 0 0 0 0 0 0 0 0 0 0/0 14:59 0:00 2:44
Players Stats for Penguins
Player Name G A P +/- PIM S H SB GA TA FO MP PP MP PK MP
------------------------------------------------------------------------------------
Aaron Ekblad 1 0 1 0 0 2 0 0 0 0 0/0 20:41 2:09 1:55
Brandon Tanev 0 0 0 -1 0 2 0 0 0 0 0/0 10:30 0:00 1:21
Elias Lindholm 0 0 0 0 0 0 1 0 0 0 3/8 15:15 2:56 0:42
Evan Rodrigues 0 0 0 -1 0 0 0 0 0 0 1/1 9:00 0:00 0:00
Gavin Bayreuther 0 1 1 0 2 1 1 0 0 1 0/0 19:17 2:52 0:00
Iven Barbashev 0 0 0 -1 2 0 2 0 0 1 0/0 10:05 0:13 0:23
John Marino 0 0 0 0 2 1 0 1 0 0 0/0 14:53 0:00 0:00
Keith Aulie 0 0 0 0 0 1 0 1 0 0 0/0 18:41 0:00 3:38
Marcus Foligno 0 0 0 1 0 3 2 0 0 1 0/0 14:47 0:00 3:20
Mark Scheifele 0 0 0 -1 0 4 3 3 0 0 1/7 22:23 1:59 3:30
Mathew Barzal 0 0 0 0 0 0 1 0 1 1 0/0 14:33 2:56 0:00
Nick Leddy 0 0 0 -1 2 0 2 1 0 0 0/0 22:00 2:09 1:55
Oscar Klefbom 0 0 0 -1 0 3 0 0 1 0 0/0 24:25 2:52 3:38
Pavel Buchnevich 0 0 0 -1 0 3 0 0 3 0 0/2 19:13 1:52 0:29
Pavel Zacha 0 0 0 0 0 3 1 0 1 0 2/2 14:33 2:56 0:00
Roope Hintz 0 1 1 1 0 1 4 0 0 0 3/3 12:01 0:13 0:00
Sebastian Aho 0 0 0 -1 0 2 2 0 1 2 5/11 18:44 1:52 0:00
Tom Wilson 1 1 2 1 0 2 1 0 0 0 0/1 13:22 0:06 1:21
3 Stars
1 - Mikkel Boedker (Flo)
2 - Alex Pietrangelo (Flo)
3 - Tom Wilson (Pit)
Power Play
Panthers - 2 on 4 Attempt(s) - 50.00%
Penguins - 1 on 3 Attempt(s) - 33.33%
Penalty Kill
Panthers - 2 on 3 Attempt(s) - 66.67%
- Score 0 goal in Penalty Kill
Penguins - 2 on 4 Attempt(s) - 50.00%
- Score 0 goal in Penalty Kill
Team Stat
Panthers - Hits : 21 - Faceoff Wins : 20 - Blocked Shots : 11 - Penalty Minutes : 6
Penguins - Hits : 20 - Faceoff Wins : 15 - Blocked Shots : 6 - Penalty Minutes : 8
Official
Referees : Francis Charron and Graham Skilliter
Linesman : Pierre Racicot and Steve Miller
Game Notes
No Game Note
Finance
Level 1 -- Attendance: 5896 (98.27%) -- Ticket Income $589,600
Level 2 -- Attendance: 5000 (100.00%) -- Ticket Income $350,000
Level 3 -- Attendance: 1757 (87.85%) -- Ticket Income $70,280
Level 4 -- Attendance: 3982 (99.55%) -- Ticket Income $119,460
Luxury Box -- Attendance: 1000 (100.00%) -- Ticket Income $200,000
Game was played at the PPG Paint Arena.
Total Attendance: 17635 (97.97%)
Total Ticket Income: $1,329,340
Other Income: $199,401
Total Income: $1,528,741
Panthers
5 vs 5 Forward
Center Left Wing Right Wing Time % Phy DF OF
1 Matt Duchene Mikkel Boedker Nikita Kucherov 40 0 2 3
2 Aleksander Barkov Kirill Kaprizov Drake Batherson 30 0 2 3
3 Miro Aaltonen Jimmy Vesey Kris Versteeg 20 1 2 2
4 Dominik Kahun Nikolay Goldobin Dmitrij Jaskin 10 1 2 2
5 vs 5 Defense
Defense Defense Time % Phy DF OF
1 Alex Pietrangelo Danny DeKeiser 40 0 2 3
2 Niklas Hansson Griffin Reinhart 30 1 2 2
3 Radim Simek Nikita Tryamkin 20 1 2 2
4 Alex Pietrangelo Danny DeKeiser 10 0 2 3
PowerPlay Forward
Center Left Wing Right Wing Time % Phy DF OF
1 Matt Duchene Mikkel Boedker Nikita Kucherov 60 0 1 4
2 Aleksander Barkov Kirill Kaprizov Drake Batherson 40 0 1 4
PowerPlay Defense
Defense Defense Time % Phy DF OF
1 Alex Pietrangelo Danny DeKeiser 60 0 2 3
2 Niklas Hansson Griffin Reinhart 40 0 2 3
Penalty Kill 4 Players Forward
Center Wing Time % Phy DF OF
1 Aleksander Barkov Kris Versteeg 60 1 3 1
2 Miro Aaltonen Mikkel Boedker 40 1 3 1
Penalty Kill 4 Players Defense
Defense Defense Time % Phy DF OF
1 Alex Pietrangelo Niklas Hansson 60 1 3 1
2 Danny DeKeiser Radim Simek 40 1 3 1
Penalty Kill - 3 Players Forward
Forward Time % Phy DF OF
1 Kris Versteeg 60 1 3 1
2 Aleksander Barkov 40 1 3 1
Penalty Kill - 3 Players Defense
Defense Defense Time % Phy DF OF
1 Alex Pietrangelo Niklas Hansson 60 1 3 1
2 Danny DeKeiser Radim Simek 40 1 3 1
4 vs 4 Forward
Center Wing Time % Phy DF OF
1 Matt Duchene Nikita Kucherov 60 0 2 3
2 Aleksander Barkov Mikkel Boedker 40 0 2 3
4 vs 4 Defense
Defense Defense Time % Phy DF OF
1 Alex Pietrangelo Danny DeKeiser 60 0 2 3
2 Niklas Hansson Griffin Reinhart 40 1 2 2
Last Minutes Offensive
Center Left Wing Right Wing Defense Defense
Matt Duchene Mikkel Boedker Nikita Kucherov Alex Pietrangelo Griffin Reinhart
Last Minutes Defensive
Center Left Wing Right Wing Defense Defense
Aleksander Barkov Mikkel Boedker Kris Versteeg Danny DeKeiser Niklas Hansson
Goaltenders
Starting : Ville Husso
Backup : Brandon Halverson
Extra Forwards
Normal : Kirill Kaprizov, Nikita Kucherov, Matt Duchene - PP : Drake Batherson, Matt Duchene - PK : Miro Aaltonen
Extra Defensemen
Normal : Radim Simek, Alex Pietrangelo, Niklas Hansson - PP : Alex Pietrangelo - PK : Radim Simek, Niklas Hansson
Penalty Shots
Drake Batherson, Nikita Kucherov, Mikkel Boedker, Miro Aaltonen, Aleksander Barkov
Custom OT Lines Forwards
Matt Duchene, Nikita Kucherov, Aleksander Barkov, Drake Batherson, Kirill Kaprizov, Mikkel Boedker, Miro Aaltonen, Jimmy Vesey, Nikolay Goldobin, Kris Versteeg
Custom OT Lines Defensemen
Alex Pietrangelo, Danny DeKeiser, Niklas Hansson, Griffin Reinhart, Radim Simek
Scratches
None
Penguins
5 vs 5 Forward
Center Left Wing Right Wing Time % Phy DF OF
1 Sebastian Aho Pavel Buchnevich Mark Scheifele 40 0 2 3
2 Elias Lindholm Pavel Zacha Mathew Barzal 30 0 2 3
3 Roope Hintz Marcus Foligno Tom Wilson 20 1 2 2
4 Evan Rodrigues Iven Barbashev Brandon Tanev 10 1 2 2
5 vs 5 Defense
Defense Defense Time % Phy DF OF
1 Oscar Klefbom Nick Leddy 40 1 2 2
2 Aaron Ekblad Gavin Bayreuther 40 1 2 2
3 Keith Aulie John Marino 20 1 2 2
4 Oscar Klefbom Nick Leddy 0 1 2 2
PowerPlay Forward
Center Left Wing Right Wing Time % Phy DF OF
1 Sebastian Aho Pavel Buchnevich Mark Scheifele 60 0 2 3
2 Elias Lindholm Pavel Zacha Mathew Barzal 40 0 2 3
PowerPlay Defense
Defense Defense Time % Phy DF OF
1 Oscar Klefbom Gavin Bayreuther 60 0 2 3
2 Aaron Ekblad Nick Leddy 40 0 2 3
Penalty Kill 4 Players Forward
Center Wing Time % Phy DF OF
1 Mark Scheifele Marcus Foligno 60 1 3 1
2 Tom Wilson Brandon Tanev 40 1 3 1
Penalty Kill 4 Players Defense
Defense Defense Time % Phy DF OF
1 Oscar Klefbom Keith Aulie 60 1 2 2
2 Aaron Ekblad Nick Leddy 40 1 2 2
Penalty Kill - 3 Players Forward
Forward Time % Phy DF OF
1 Marcus Foligno 60 1 2 2
2 Tom Wilson 40 1 2 2
Penalty Kill - 3 Players Defense
Defense Defense Time % Phy DF OF
1 Oscar Klefbom Keith Aulie 60 1 2 2
2 Aaron Ekblad Nick Leddy 40 1 2 2
4 vs 4 Forward
Center Wing Time % Phy DF OF
1 Sebastian Aho Mark Scheifele 60 1 2 2
2 Elias Lindholm Mathew Barzal 40 1 2 2
4 vs 4 Defense
Defense Defense Time % Phy DF OF
1 Oscar Klefbom Nick Leddy 50 1 2 2
2 Aaron Ekblad Gavin Bayreuther 50 1 2 2
Last Minutes Offensive
Center Left Wing Right Wing Defense Defense
Sebastian Aho Pavel Buchnevich Mark Scheifele Oscar Klefbom Aaron Ekblad
Last Minutes Defensive
Center Left Wing Right Wing Defense Defense
Roope Hintz Marcus Foligno Tom Wilson Oscar Klefbom Keith Aulie
Goaltenders
Starting : James Reimer
Backup : Jeremy Swayman
Extra Forwards
Normal : Mark Scheifele, Pavel Zacha, Tom Wilson - PP : Mark Scheifele, Pavel Zacha - PK : Marcus Foligno
Extra Defensemen
Normal : Oscar Klefbom, Aaron Ekblad, Keith Aulie - PP : Aaron Ekblad - PK : Oscar Klefbom, Keith Aulie
Penalty Shots
Mark Scheifele, Sebastian Aho, Pavel Buchnevich, Pavel Zacha, Elias Lindholm
Custom OT Lines Forwards
Mark Scheifele, Sebastian Aho, Pavel Buchnevich, Pavel Zacha, Elias Lindholm, Mathew Barzal, Marcus Foligno, Roope Hintz, Tom Wilson, Iven Barbashev
Custom OT Lines Defensemen
Aaron Ekblad, Oscar Klefbom, Keith Aulie, Nick Leddy, Gavin Bayreuther
Scratches
None
% Time on Ice - Panthers
Lines # - Real PCT - Wanted PCT - Time Play
Normal Forward
1 - 32% - 40% - 15:43
2 - 28% - 30% - 13:46
3 - 23% - 20% - 11:26
4 - 17% - 10% - 8:31
Normal Defense
1 - 38% - 40% - 18:37
2 - 31% - 30% - 15:22
3 - 25% - 20% - 12:15
4 - 6% - 10% - 3:12
PP Forward
1 - 64% - 60% - 3:34
2 - 36% - 40% - 1:59
PP Defense
1 - 60% - 60% - 3:20
2 - 40% - 40% - 2:13
PK Forward
1 - 80% - 60% - 4:02
2 - 20% - 40% - 0:59
PK Defense
1 - 64% - 60% - 3:14
2 - 36% - 40% - 1:47
PK3 Forward
1 - 0% - 60%
2 - 0% - 40%
PK3 Defense
1 - 0% - 60%
2 - 0% - 40%
44 Forward
1 - 0% - 60%
2 - 0% - 40%
44 Defense
1 - 0% - 60%
2 - 0% - 40%
Last Minute Offensive - 0:00
Last Minute Defensive - 0:00
Total
Forward - 60:00
Defense - 60:00
|
% Time on Ice - Penguins
Lines # - Real PCT - Wanted PCT - Time Play
Normal Forward
1 - 35% - 40% - 17:13
2 - 24% - 30% - 11:46
3 - 23% - 20% - 11:27
4 - 18% - 10% - 9:00
Normal Defense
1 - 35% - 40% - 17:23
2 - 35% - 40% - 17:09
3 - 30% - 20% - 14:54
4 - 0% - 0% - 0:00
PP Forward
1 - 40% - 60% - 1:59
2 - 60% - 40% - 3:02
PP Defense
1 - 57% - 60% - 2:52
2 - 43% - 40% - 2:09
PK Forward
1 - 76% - 60% - 4:12
2 - 24% - 40% - 1:21
PK Defense
1 - 65% - 60% - 3:38
2 - 35% - 40% - 1:55
PK3 Forward
1 - 0% - 60%
2 - 0% - 40%
PK3 Defense
1 - 0% - 60%
2 - 0% - 40%
44 Forward
1 - 0% - 60%
2 - 0% - 40%
44 Defense
1 - 0% - 50%
2 - 0% - 50%
Last Minute Offensive - 0:00
Last Minute Defensive - 0:00
Total
Forward - 60:00
Defense - 60:00
|
Play-by-Play
1st period
0:01 of 1st period - Matt Duchene wins face-off versus Sebastian Aho in neutral zone.
0:28 of 1st period - Wrist shot by Nikita Kucherov.
0:28 of 1st period - Shot Misses the Net.
0:48 of 1st period - Marcus Foligno is hit by Miro Aaltonen and loses puck.
2:18 of 1st period - Snap shot by Kris Versteeg.
2:18 of 1st period - Stopped by James Reimer with a rebound.
2:28 of 1st period - Mark Scheifele is hit by Mikkel Boedker and loses puck.
2:32 of 1st period - Icing by Keith Aulie.
2:33 of 1st period - Matt Duchene wins face-off versus Pavel Buchnevich in Penguins zone.
3:14 of 1st period - Keith Aulie is hit by Aleksander Barkov and loses puck.
3:43 of 1st period - Sebastian Aho is hit by Alex Pietrangelo and loses puck.
4:10 of 1st period - Pavel Buchnevich is hit by Danny DeKeiser and loses puck.
4:17 of 1st period - Snap shot by Mark Scheifele.
4:17 of 1st period - Stopped by Ville Husso with a rebound.
4:19 of 1st period - Snap shot by Mark Scheifele.
4:19 of 1st period - Stopped by Ville Husso with a rebound.
4:21 of 1st period - Slapshot by Mark Scheifele.
4:21 of 1st period - Shot Blocked by Alex Pietrangelo.
4:23 of 1st period - Snap shot by John Marino.
4:23 of 1st period - Stopped by Ville Husso with a rebound.
4:27 of 1st period - Snap shot by Pavel Buchnevich.
4:27 of 1st period - Shot Blocked by Kirill Kaprizov.
5:42 of 1st period - Wrist shot by Pavel Buchnevich.
5:42 of 1st period - Stopped by Ville Husso with a rebound.
5:44 of 1st period - Snap shot by Keith Aulie.
5:44 of 1st period - Stopped by Ville Husso without a rebound.
5:45 of 1st period - Matt Duchene wins face-off versus Elias Lindholm in Panthers zone.
5:54 of 1st period - Wrist shot by Nikita Kucherov.
5:54 of 1st period - Shot Misses the Net.
5:58 of 1st period - Wrist shot by Matt Duchene.
5:58 of 1st period - Stopped by James Reimer without a rebound.
5:59 of 1st period - Pavel Zacha wins face-off versus Matt Duchene in Penguins zone.
6:57 of 1st period - Minor Penalty to Dominik Kahun for Interference.
6:58 of 1st period - Miro Aaltonen wins face-off versus Elias Lindholm in Panthers zone.
7:50 of 1st period - Wrist shot by Pavel Zacha.
7:50 of 1st period - Stopped by Ville Husso with a rebound.
7:52 of 1st period - Slapshot by Elias Lindholm.
7:52 of 1st period - Shot Misses the Net.
7:54 of 1st period - Slapshot by Oscar Klefbom.
7:54 of 1st period - Stopped by Ville Husso without a rebound.
7:55 of 1st period - Roope Hintz wins face-off versus Miro Aaltonen in Panthers zone.
8:00 of 1st period - Snap shot by Aaron Ekblad.
8:00 of 1st period - Goal by Aaron Ekblad - Panthers : 0 - Penguins : 1.
8:01 of 1st period - Roope Hintz wins face-off versus Nikita Kucherov in neutral zone.
8:52 of 1st period - Iven Barbashev is hit by Dominik Kahun and loses puck.
10:13 of 1st period - Wrist shot by Nikita Kucherov.
10:13 of 1st period - Stopped by James Reimer with a rebound.
10:39 of 1st period - Slapshot by Sebastian Aho.
10:39 of 1st period - Shot Misses the Net.
10:55 of 1st period - Pavel Zacha is hit by Kirill Kaprizov and loses puck.
11:15 of 1st period - Danny DeKeiser is hit by Roope Hintz and loses puck.
11:22 of 1st period - Roope Hintz is hit by Dmitrij Jaskin and loses puck.
11:59 of 1st period - Pavel Zacha is hit by Alex Pietrangelo and loses puck.
12:16 of 1st period - Keith Aulie is hit by Alex Pietrangelo.
12:41 of 1st period - Snap shot by Dmitrij Jaskin.
12:41 of 1st period - Shot Misses the Net.
13:00 of 1st period - Nikita Kucherov is hit by Iven Barbashev and loses puck.
13:08 of 1st period - Minor Penalty to Iven Barbashev for Cross-checking.
13:09 of 1st period - Matt Duchene wins face-off versus Mark Scheifele in Penguins zone.
13:12 of 1st period - Slapshot by Mikkel Boedker.
13:12 of 1st period - Shot Misses the Net.
13:14 of 1st period - Slapshot by Niklas Hansson.
13:14 of 1st period - Shot Blocked by Keith Aulie.
14:07 of 1st period - Matt Duchene is hit by Mark Scheifele and loses puck.
14:29 of 1st period - Aleksander Barkov is hit by Tom Wilson.
14:51 of 1st period - Niklas Hansson is hit by Marcus Foligno and loses puck.
15:08 of 1st period - Penalty to Iven Barbashev is over, Iven Barbashev is back on ice.
15:26 of 1st period - Wrist shot by Mathew Barzal.
15:26 of 1st period - Shot Misses the Net.
15:28 of 1st period - Slapshot by Gavin Bayreuther.
15:28 of 1st period - Shot Misses the Net.
15:48 of 1st period - Alex Pietrangelo is hit by Iven Barbashev and loses puck.
16:42 of 1st period - Dmitrij Jaskin is hit by Sebastian Aho and loses puck.
17:03 of 1st period - Slapshot by Matt Duchene.
17:03 of 1st period - Stopped by James Reimer without a rebound.
17:04 of 1st period - Pavel Zacha wins face-off versus Nikita Kucherov in Penguins zone.
17:15 of 1st period - Slapshot by Pavel Zacha.
17:15 of 1st period - Shot Misses the Net.
17:17 of 1st period - Snap shot by Pavel Zacha.
17:17 of 1st period - Stopped by Ville Husso with a rebound.
17:29 of 1st period - John Marino is hit by Drake Batherson and loses puck.
17:34 of 1st period - Snap shot by Drake Batherson.
17:34 of 1st period - Stopped by James Reimer with a rebound.
17:36 of 1st period - Slapshot by Griffin Reinhart.
17:36 of 1st period - Deflect By Marcus Foligno.
17:36 of 1st period - Stopped by James Reimer with a rebound.
19:11 of 1st period - Dmitrij Jaskin is hit by Mark Scheifele.
19:15 of 1st period - Niklas Hansson is hit by Sebastian Aho and loses puck.
19:22 of 1st period - Keith Aulie is hit by Griffin Reinhart.
19:59 of 1st period - Off-side.
Goals for this period are 0 for Panthers vs 1 for Penguins.
Shots for this period are 6 for Panthers vs 9 for Penguins.
2nd period
0:01 of 2nd period - Elias Lindholm wins face-off versus Matt Duchene in neutral zone.
0:04 of 2nd period - Wrist shot by Mikkel Boedker.
0:04 of 2nd period - Shot Blocked by Nick Leddy.
0:14 of 2nd period - Snap shot by Matt Duchene.
0:14 of 2nd period - Stopped by James Reimer without a rebound.
0:15 of 2nd period - Matt Duchene wins face-off versus Sebastian Aho in Penguins zone.
1:28 of 2nd period - Miro Aaltonen is hit by Nick Leddy and loses puck.
1:33 of 2nd period - Snap shot by Sebastian Aho.
1:33 of 2nd period - Stopped by Ville Husso with a rebound.
1:51 of 2nd period - Snap shot by Tom Wilson.
1:51 of 2nd period - Stopped by Ville Husso with a rebound.
2:49 of 2nd period - Slapshot by Kirill Kaprizov.
2:49 of 2nd period - Shot Misses the Net.
2:53 of 2nd period - Slapshot by Drake Batherson.
2:53 of 2nd period - Shot Misses the Net.
3:13 of 2nd period - Off-side.
3:14 of 2nd period - Matt Duchene wins face-off versus Sebastian Aho in neutral zone.
3:40 of 2nd period - Miro Aaltonen is hit by Mathew Barzal and loses puck.
3:51 of 2nd period - Snap shot by Pavel Zacha.
3:51 of 2nd period - Shot Blocked by Alex Pietrangelo.
4:54 of 2nd period - Snap shot by Pavel Zacha.
4:54 of 2nd period - Stopped by Ville Husso with a rebound.
5:12 of 2nd period - Griffin Reinhart is hit by Roope Hintz and loses puck.
5:19 of 2nd period - Snap shot by Nikolay Goldobin.
5:19 of 2nd period - Stopped by James Reimer with a rebound.
5:35 of 2nd period - Mathew Barzal is hit by Danny DeKeiser and loses puck.
5:50 of 2nd period - Sebastian Aho is hit by Kirill Kaprizov and loses puck.
6:08 of 2nd period - Jimmy Vesey is hit by Marcus Foligno and loses puck.
7:20 of 2nd period - Griffin Reinhart is hit by Mark Scheifele and loses puck.
7:27 of 2nd period - Mark Scheifele is hit by Nikita Tryamkin and loses puck.
7:50 of 2nd period - Nick Leddy is hit by Kirill Kaprizov and loses puck.
8:19 of 2nd period - Snap shot by Pavel Zacha.
8:19 of 2nd period - Shot Misses the Net.
8:31 of 2nd period - Kirill Kaprizov is hit by Roope Hintz and loses puck.
9:51 of 2nd period - Snap shot by Jimmy Vesey.
9:51 of 2nd period - Shot Blocked by John Marino.
10:40 of 2nd period - Nikita Tryamkin is hit by Nick Leddy and loses puck.
10:55 of 2nd period - Slapshot by Mark Scheifele.
10:55 of 2nd period - Stopped by Ville Husso with a rebound.
10:57 of 2nd period - Slapshot by Oscar Klefbom.
10:57 of 2nd period - Shot Misses the Net.
10:59 of 2nd period - Slapshot by Oscar Klefbom.
10:59 of 2nd period - Stopped by Ville Husso without a rebound.
11:00 of 2nd period - Sebastian Aho wins face-off versus Aleksander Barkov in Panthers zone.
11:46 of 2nd period - Wrist shot by Roope Hintz.
11:46 of 2nd period - Stopped by Ville Husso without a rebound.
11:47 of 2nd period - Roope Hintz wins face-off versus Miro Aaltonen in Panthers zone.
11:48 of 2nd period - Snap shot by Marcus Foligno.
11:48 of 2nd period - Stopped by Ville Husso with a rebound.
12:00 of 2nd period - Wrist shot by Marcus Foligno.
12:00 of 2nd period - Shot Blocked by Kris Versteeg.
12:02 of 2nd period - Wrist shot by Keith Aulie.
12:02 of 2nd period - Shot Misses the Net.
12:04 of 2nd period - Wrist shot by Tom Wilson.
12:04 of 2nd period - Shot Blocked by Jimmy Vesey.
12:06 of 2nd period - Snap shot by Keith Aulie.
12:06 of 2nd period - Shot Misses the Net.
12:08 of 2nd period - Slapshot by John Marino.
12:08 of 2nd period - Deflect By Marcus Foligno.
12:08 of 2nd period - Stopped by Ville Husso with a rebound.
12:10 of 2nd period - Wrist shot by Marcus Foligno.
12:10 of 2nd period - Stopped by Ville Husso with a rebound.
12:12 of 2nd period - Snap shot by Tom Wilson.
12:12 of 2nd period - Shot Misses the Net.
12:13 of 2nd period - Minor Penalty to John Marino for Holding.
12:14 of 2nd period - Matt Duchene wins face-off versus Mark Scheifele in Penguins zone.
13:19 of 2nd period - Snap shot by Brandon Tanev.
13:19 of 2nd period - Stopped by Ville Husso without a rebound.
13:20 of 2nd period - Matt Duchene wins face-off versus Tom Wilson in Panthers zone.
13:41 of 2nd period - Slapshot by Danny DeKeiser.
13:41 of 2nd period - Stopped by James Reimer without a rebound.
13:42 of 2nd period - Aleksander Barkov wins face-off versus Mark Scheifele in Penguins zone.
13:51 of 2nd period - Slapshot by Alex Pietrangelo.
13:51 of 2nd period - Goal by Alex Pietrangelo - Panthers : 1 - Penguins : 1.
13:52 of 2nd period - Mikkel Boedker wins face-off versus Pavel Buchnevich in neutral zone.
14:23 of 2nd period - Snap shot by Tom Wilson.
14:23 of 2nd period - Shot Blocked by Nikita Kucherov.
15:11 of 2nd period - Oscar Klefbom is hit by Niklas Hansson and loses puck.
15:16 of 2nd period - Wrist shot by Nikolay Goldobin.
15:16 of 2nd period - Stopped by James Reimer with a rebound.
15:18 of 2nd period - Slapshot by Griffin Reinhart.
15:18 of 2nd period - Stopped by James Reimer with a rebound.
15:28 of 2nd period - Snap shot by Jimmy Vesey.
15:28 of 2nd period - Stopped by James Reimer with a rebound.
15:42 of 2nd period - Snap shot by Pavel Buchnevich.
15:42 of 2nd period - Shot Misses the Net.
16:29 of 2nd period - Minor Penalty to Nikolay Goldobin for Tripping.
16:30 of 2nd period - Sebastian Aho wins face-off versus Aleksander Barkov in Panthers zone.
16:40 of 2nd period - Backhand shot by Mark Scheifele.
16:40 of 2nd period - Shot Hit the Post.
17:40 of 2nd period - Wrist shot by Dominik Kahun.
17:40 of 2nd period - Stopped by James Reimer without a rebound.
17:41 of 2nd period - Dominik Kahun wins face-off versus Elias Lindholm in Penguins zone.
17:50 of 2nd period - Wrist shot by Jimmy Vesey.
17:50 of 2nd period - Shot Misses the Net.
18:05 of 2nd period - Alex Pietrangelo is hit by Elias Lindholm and loses puck.
18:29 of 2nd period - Penalty to Nikolay Goldobin is over, Nikolay Goldobin is back on ice.
Goals for this period are 1 for Panthers vs 0 for Penguins.
Shots for this period are 8 for Panthers vs 10 for Penguins.
3rd period
0:01 of 3rd period - Sebastian Aho wins face-off versus Matt Duchene in neutral zone.
0:21 of 3rd period - Minor Penalty to Nick Leddy for Delaying the game.
0:22 of 3rd period - Matt Duchene wins face-off versus Mark Scheifele in Penguins zone.
0:24 of 3rd period - Snap shot by Matt Duchene.
0:24 of 3rd period - Shot Misses the Net.
0:26 of 3rd period - Wrist shot by Nikita Kucherov.
0:26 of 3rd period - Stopped by James Reimer with a rebound.
0:28 of 3rd period - Wrist shot by Mikkel Boedker.
0:28 of 3rd period - Goal by Mikkel Boedker - Panthers : 2 - Penguins : 1.
0:29 of 3rd period - Sebastian Aho wins face-off versus Matt Duchene in neutral zone.
0:32 of 3rd period - Snap shot by Mark Scheifele.
0:32 of 3rd period - Shot Blocked by Nikita Kucherov.
0:34 of 3rd period - Slapshot by Mark Scheifele.
0:34 of 3rd period - Stopped by Ville Husso with a rebound.
0:56 of 3rd period - Elias Lindholm is hit by Drake Batherson and loses puck.
1:07 of 3rd period - Wrist shot by Elias Lindholm.
1:07 of 3rd period - Shot Hit the Post.
1:23 of 3rd period - Wrist shot by Alex Pietrangelo.
1:23 of 3rd period - Stopped by James Reimer with a rebound.
2:03 of 3rd period - Snap shot by Aaron Ekblad.
2:03 of 3rd period - Stopped by Ville Husso without a rebound.
2:04 of 3rd period - Matt Duchene wins face-off versus Elias Lindholm in Panthers zone.
2:23 of 3rd period - Mikkel Boedker is hit by Pavel Zacha and loses puck.
2:46 of 3rd period - Slapshot by Keith Aulie.
2:46 of 3rd period - Shot Misses the Net.
2:58 of 3rd period - Niklas Hansson is hit by Roope Hintz and loses puck.
3:26 of 3rd period - Snap shot by Nikolay Goldobin.
3:26 of 3rd period - Goal by Nikolay Goldobin - Panthers : 3 - Penguins : 1.
3:27 of 3rd period - Matt Duchene wins face-off versus Sebastian Aho in neutral zone.
4:00 of 3rd period - Wrist shot by Tom Wilson.
4:00 of 3rd period - Goal by Tom Wilson - Panthers : 3 - Penguins : 2.
4:01 of 3rd period - Sebastian Aho wins face-off versus Matt Duchene in neutral zone.
5:17 of 3rd period - Slapshot by Gavin Bayreuther.
5:17 of 3rd period - Stopped by Ville Husso without a rebound.
5:18 of 3rd period - Nikita Kucherov wins face-off versus Sebastian Aho in Panthers zone.
5:35 of 3rd period - Wrist shot by Pavel Buchnevich.
5:35 of 3rd period - Stopped by Ville Husso with a rebound.
5:37 of 3rd period - Snap shot by Mark Scheifele.
5:37 of 3rd period - Shot Blocked by Matt Duchene.
5:39 of 3rd period - Slapshot by Oscar Klefbom.
5:39 of 3rd period - Stopped by Ville Husso with a rebound.
5:41 of 3rd period - Slapshot by Mark Scheifele.
5:41 of 3rd period - Shot Blocked by Niklas Hansson.
5:53 of 3rd period - Snap shot by Pavel Buchnevich.
5:53 of 3rd period - Deflect By Mikkel Boedker.
5:53 of 3rd period - Stopped by Ville Husso with a rebound.
6:57 of 3rd period - Slapshot by Sebastian Aho.
6:57 of 3rd period - Stopped by Ville Husso with a rebound.
7:27 of 3rd period - Snap shot by Sebastian Aho.
7:27 of 3rd period - Shot Misses the Net.
7:35 of 3rd period - Snap shot by Matt Duchene.
7:35 of 3rd period - Shot Misses the Net.
7:37 of 3rd period - Snap shot by Mikkel Boedker.
7:37 of 3rd period - Stopped by James Reimer with a rebound.
7:39 of 3rd period - Slapshot by Niklas Hansson.
7:39 of 3rd period - Shot Blocked by Mark Scheifele.
7:41 of 3rd period - Slapshot by Niklas Hansson.
7:41 of 3rd period - Goal by Niklas Hansson - Panthers : 4 - Penguins : 2.
7:42 of 3rd period - Elias Lindholm wins face-off versus Aleksander Barkov in neutral zone.
7:53 of 3rd period - Wrist shot by Pavel Zacha.
7:53 of 3rd period - Shot Blocked by Danny DeKeiser.
7:59 of 3rd period - Slapshot by Alex Pietrangelo.
7:59 of 3rd period - Stopped by James Reimer with a rebound.
8:13 of 3rd period - Snap shot by Tom Wilson.
8:13 of 3rd period - Shot Misses the Net.
9:13 of 3rd period - Wrist shot by Gavin Bayreuther.
9:13 of 3rd period - Shot Blocked by Dmitrij Jaskin.
9:15 of 3rd period - Slapshot by Evan Rodrigues.
9:15 of 3rd period - Shot Misses the Net.
9:37 of 3rd period - Alex Pietrangelo is hit by Gavin Bayreuther and loses puck.
9:56 of 3rd period - Icing by Keith Aulie.
9:57 of 3rd period - Evan Rodrigues wins face-off versus Aleksander Barkov in Penguins zone.
11:21 of 3rd period - Backhand shot by Aleksander Barkov.
11:21 of 3rd period - Shot Misses the Net.
11:35 of 3rd period - Snap shot by Nikita Kucherov.
11:35 of 3rd period - Stopped by James Reimer without a rebound.
11:36 of 3rd period - Miro Aaltonen wins face-off versus Sebastian Aho in Penguins zone.
11:37 of 3rd period - Snap shot by Jimmy Vesey.
11:37 of 3rd period - Shot Misses the Net.
11:39 of 3rd period - Slapshot by Danny DeKeiser.
11:39 of 3rd period - Stopped by James Reimer with a rebound.
11:41 of 3rd period - Slapshot by Danny DeKeiser.
11:41 of 3rd period - Shot Misses the Net.
11:43 of 3rd period - Slapshot by Danny DeKeiser.
11:43 of 3rd period - Deflect By Kris Versteeg.
11:43 of 3rd period - Stopped by James Reimer with a rebound.
11:45 of 3rd period - Snap shot by Miro Aaltonen.
11:45 of 3rd period - Deflect By Jimmy Vesey.
11:45 of 3rd period - Stopped by James Reimer with a rebound.
12:04 of 3rd period - Mark Scheifele is hit by Kris Versteeg and loses puck.
12:10 of 3rd period - Minor Penalty to Griffin Reinhart for Roughing.
12:11 of 3rd period - Elias Lindholm wins face-off versus Aleksander Barkov in Panthers zone.
14:10 of 3rd period - Penalty to Griffin Reinhart is over, Griffin Reinhart is back on ice.
15:37 of 3rd period - Sebastian Aho is hit by Nikita Kucherov and loses puck.
15:56 of 3rd period - Snap shot by Jimmy Vesey.
15:56 of 3rd period - Stopped by James Reimer without a rebound.
15:57 of 3rd period - Miro Aaltonen wins face-off versus Elias Lindholm in Penguins zone.
15:58 of 3rd period - Wrist shot by Kris Versteeg.
15:58 of 3rd period - Shot Misses the Net.
16:17 of 3rd period - Snap shot by Brandon Tanev.
16:17 of 3rd period - Stopped by Ville Husso with a rebound.
17:52 of 3rd period - Marcus Foligno is hit by Danny DeKeiser.
18:10 of 3rd period - Minor Penalty to Gavin Bayreuther for Interference.
18:11 of 3rd period - Matt Duchene wins face-off versus Mark Scheifele in Penguins zone.
18:12 of 3rd period - Wrist shot by Nikita Kucherov.
18:12 of 3rd period - Stopped by James Reimer without a rebound.
18:13 of 3rd period - Mark Scheifele wins face-off versus Matt Duchene in Penguins zone.
18:47 of 3rd period - Slapshot by Drake Batherson.
18:47 of 3rd period - Shot Blocked by Mark Scheifele.
18:49 of 3rd period - Slapshot by Griffin Reinhart.
18:49 of 3rd period - Stopped by James Reimer without a rebound.
18:50 of 3rd period - Matt Duchene wins face-off versus Mark Scheifele in Penguins zone.
19:21 of 3rd period - Slapshot by Alex Pietrangelo.
19:21 of 3rd period - Shot Blocked by Mark Scheifele.
Goals for this period are 3 for Panthers vs 1 for Penguins.
Shots for this period are 14 for Panthers vs 9 for Penguins.